 Dungeon Crawl Stone Soup version 0.19-a0-1311-gdcfd90a (webtiles) character file.

23 IcyTea the Chucker (level 2, 4/27 HPs)
             Began as an Ogre Arcane Marksman on Aug 31, 2016.
             Quit the game on level 1 of the Dungeon.
             The game lasted 00:05:46 (700 turns).

IcyTea the Chucker (Ogre Arcane Marksman)            Turns: 700, Time: 00:05:47

Health: 4/27       AC:  5    Str: 15    XL:     2   Next: 95%
Magic:  3/3        EV: 10    Int: 12    God:
Gold:   62         SH:  0    Dex:  9    Spells: 1 memorised, 2 levels left

rFire  . . .     SeeInvis .     e - +1 club
rCold  . . .     Gourm    .     g - +2 robe {rN+}
rNeg   + . .     Faith    .     (no shield)
rPois  .         Spirit   .     (helmet restricted)
rElec  .         Dismiss  .     (no cloak)
rCorr  .         Reflect  .     (gloves unavailable)
MR     .....     Harm     .     (boots unavailable)
Stlth  +.........               (no amulet)
                                (no ring)
                                (no ring)

@: no status effects
A: unfitting armour, tough skin 1
a: no special abilities


You were on level 1 of the Dungeon.
You were not hungry.

You visited 1 branch of the dungeon, and saw 2 of its levels.

You collected 62 gold pieces.

Inventory:

Hand Weapons
 e - a +1 club (weapon)
Armour
 g - a +2 robe of positive energy (worn)
Jewellery
 i - an uncursed ring of ice
Scrolls
 a - a scroll of magic mapping
 j - a scroll of identify
Potions
 k - 2 potions of resistance
Books
 b - a book of Debilitation

   Spells                             Type                      Level
   a - Corona                         Hexes                        1
   b - Slow                           Hexes                        2
   c - Gell's Gravitas                Hexes/Translocation          3
   d - Inner Flame                    Hexes/Fire                   3
   e - Cause Fear                     Hexes                        4
   f - Leda's Liquefaction            Hexes/Earth                  4
Comestibles
 f - a bread ration


   Skills:
 - Level 1.3 Fighting
 + Level 3.3 Throwing
 - Level 1.7 Dodging
 - Level 1.2 Spellcasting
 - Level 2.1 Hexes


You had 2 spell levels left.
You knew the following spells:

 Your Spells              Type           Power        Failure   Level  Hunger
a - Corona                Hex            #......      14%         1    ##.....


Dungeon Overview and Level Annotations

Branches:
Dungeon (2/15)

Altars:


Innate Abilities, Weirdness & Mutations

You are too large for most types of armour.
You have tough skin. (AC +1)


Message History

* * * LOW HITPOINT WARNING * * *
Throwing (i - inventory):
d - a throwing net (quivered)
Press: ? - help, Shift-Dir - straight line, f/p - goblin
Aim: a goblin You throw a throwing net.
The throwing net closely misses the goblin.
The throwing net hits the bat.
The bat is caught in the net!
The bat struggles against the net. x2
The net rips apart, and the bat comes free!
The goblin barely misses you.
You hit the goblin.
The goblin is severely wounded.
The goblin barely misses you.
There is a stone staircase leading up here.
The goblin hits you but does no damage.
You climb upwards.
There is a stone staircase leading down here.
You hit the goblin.
You kill the goblin!
Are you sure you want to abandon this character and quit the game? (Confirm with "yes".)

######.....#.............#
#.......#......#.##)#.#
##.#.............#..#..#
#..#..♣.P.P.....#)##.#.##
###.#P..♣♣♣.......#.##.#..#
#.....♣.P♣.♣.......#[.#...#
..##.♣♣P♣♣♣♣♣♣♣...#.##.#..#
####.PP♣P♣P♣..............#
###......PP.....@>........#
....##..P....#.....########
)#####..♣PPP.#######
........P....#
####.........#
.............#
###..#.......#
##..##.......##
....)......♣♣P#


There were no monsters in sight!

Vanquished Creatures
  2 dart slugs
  4 goblins (D:1)
  4 kobolds
  A ball python (D:1)
  4 bats
  2 rats (D:1)
17 creatures vanquished.

Notes
Turn   | Place    | Note
-------+----------+-------------------------------------------
     0 | D:1      | IcyTea the Ogre Arcane Marksman began the quest for the Orb.
     0 | D:1      | Reached XP level 1. HP: 19/19 MP: 2/2
   283 | D:1      | Reached XP level 2. HP: 27/27 MP: 3/3
   492 | D:1      | Reached skill level 3 in Throwing
   700 | D:1      | Quit the game

Vault maps used:
D:1:      ncdulo_halloftheorcs, serial_forest, infiniplex_forest_clump_cross,
          infiniplex_forest_clump_cross, infiniplex_forest_clump_double,
          infiniplex_forest_straight_4, infiniplex_forest_clump_long,
          infiniplex_forest_corner_1, infiniplex_forest_clump_tiny,
          minmay_small_reverse_x
D:2:      kennysheep_goblin_castle, okawaru_trees_1

Skill      XL: |  1  2 |
---------------+-------+-----
Throwing       | 3 |  3.3
Fighting       | |  1.3
Dodging        | |  1.7
Spellcasting   | |  1.2
Hexes          | |  2.1

Action                   || total
-------------------------++-------
Melee: Club              ||    63
Throw: Large rock        ||    10
       Throwing net      ||     2
  Use: Scroll            ||     5
       Potion            ||     3
Armor: Robe              ||    49
Dodge: Dodged            ||    73
